 Dungeon Crawl Stone Soup: Circus Animals version 1.7-37-g2c94cca (webtiles) character file.

1145 Ihatecarrots00 the Thaumaturge (level 11, 117/117 (120) HPs) *EASY*
             Began as a Deep Elf Conjurer on Sept 26, 2016.
             Quit the game on level 4 of the Lair of Beasts on Sept 27, 2016.
             The game lasted 01:02:17 (16744 turns).

Ihatecarrots00 the Thaumaturge (Deep Elf Conjurer) Turns: 16744, Time: 01:02:18

HP:   117/117 (120) AC:  3    Str:  5    XL:     11   Next: 43%
MP:   175/175       EV: 19    Int: 18    God:
Gold: 849           SH:  0    Dex: 18    Spells: 6 memorised, 3 levels left

rFire  . . .     rPois    +     (no weapon)
rCold  . . .     rElec    +     q - +0 robe of Dice, Bag, and Bottle {rElec rPois Int-3 SInv}
rNeg   . . .     rCorr    .     (no shield) MagicSh . . . SeeInvis +
                                (no helmet) StaminaSh . . . Faith .
                                c - +0 cloak RegenHP ++++......
SustAt .                        (no gloves) RegenSP +++....... Dismiss .
                                (no boots) RegenMP ++++...... Reflect .
                                (no amulet)
MR     +....     Harm     .     (no ring)
Stlth  ++++......               (no ring)

@: power, slow, somewhat resistant to hostile enchantments, stealthy
A: no striking features
a: no special abilities


You were on level 4 of the Lair of Beasts.
You were not hungry.

You visited 2 branches of the dungeon, and saw 11 of its levels.
You also visited: Sewer.

You collected 849 gold pieces.

Inventory:

Armour
 a - a +1 robe
 c - a +0 cloak (worn)
 n - a +2 robe of fire resistance
 q - the +0 robe of Dice, Bag, and Bottle (worn) {rElec rPois Int-3 SInv}
   (You found it on level 2 of the Lair of Beasts)

   It affects your intelligence (-3).
   It insulates you from electricity.
   It protects you from poison.
   It lets you see invisible.
Magical Staves
 r - an uncursed staff of summoning
Jewellery
 b - an uncursed ring of poison resistance
 d - an uncursed ring of wizardry {unknown}
 e - an uncursed amulet of harm
 f - a +3 ring of evasion
 h - an uncursed amulet of health regeneration {unknown}
 k - the amulet "Dadelaul" {+Rage rPois rF- rN+++ Int-3}
   (You found it on level 6 of the Dungeon)

   [amulet of rage]

   It affects your intelligence (-3).
   It makes you vulnerable to fire.
   It protects you from poison.
   It renders you almost immune to negative energy.
   It lets you go berserk.
 o - an uncursed ring of stamina {unknown}
 s - an uncursed ring of poison resistance
 t - an uncursed amulet of rage {unknown}
 v - an uncursed amulet of magic shield {unknown}
Wands
 g - a wand of polymorph (6/24)
 i - a wand of slowing (48/96)
 j - a wand of paralysis (23/48)
 l - a wand of confusion (22/48)
 m - a wand of iceblast (8/15)
 p - a wand of random effects (24/48)
 u - a wand of lightning (5/15)
Scrolls
 h - 2 scrolls of random uselessness
 i - 2 scrolls of enchant armour
 j - a scroll of recharging
 l - 3 scrolls of blinking
 o - 4 scrolls of teleportation
 r - a scroll of fog
 t - 5 scrolls of fear
 y - 8 scrolls of immolation
 A - 2 scrolls of noise
 C - a scroll of remove curse
 D - 2 scrolls of magic mapping
 E - 3 scrolls of enchant weapon
Potions
 b - 12 potions of heal wounds
 c - 8 potions of stamina
 d - 10 potions of magic
 e - 2 potions of degeneration
 f - 3 potions of resistance {unknown}
 g - 2 potions of cancellation {unknown}
 k - 7 potions of flight {unknown}
 m - 4 potions of mutation {unknown}
 n - 11 potions of curing {unknown}
 p - 2 potions of ambrosia {unknown}
 q - 2 potions of haste {unknown}
 s - 2 potions of brilliance {unknown}
 u - 3 potions of cure mutation {unknown}
 v - 8 potions of invisibility {unknown}
 x - 6 potions of lignification {unknown}
 z - 2 potions of agility {unknown}
 B - a potion of might {unknown}
 G - a potion of berserk rage {unknown}
Books
 a - a book of Conjurations

   Spells                             Type                      Level
   a - Magic Dart                     Conjuration                  1
   b - Searing Ray                    Conjuration/Light            2
   c - Dazzling Spray                 Conjuration/Hexes/Light      3
   d - Fulminant Prism                Conjuration/Hexes/Time       4
   e - Iskenderun's Mystic Blast      Conjuration/Ice              4
   f - Iskenderun's Battlesphere      Conjuration/Charms/Light     5
 w - a book of Ice

   Spells                             Type                      Level
   a - Ice Form                       Ice/Transmutation            4
   b - Metabolic Englaciation         Hexes/Ice                    5
   c - Ozocubu's Refrigeration        Hexes/Ice                    6
   d - Bolt of Cold                   Conjuration/Ice              6
   e - Freezing Cloud                 Conjuration/Ice/Air          6
   f - Simulacrum                     Ice/Necromancy/Summoning     6
 F - a book of Callings

   Spells                             Type                      Level
   a - Summon Small Mammal            Summoning                    1
   b - Call Imp                       Summoning/Darkness           2
   c - Call Canine Familiar           Summoning/Earth              3
   d - Summon Guardian Golem          Hexes/Summoning/Earth        3
   e - Summon Ice Beast               Ice/Summoning                4
   f - Summon Lightning Spire         Summoning/Air                5
 H - a book of Party Tricks

   Spells                             Type                      Level
   a - Summon Butterflies             Summoning/Air                1
   b - Apportation                    Translocation                1
   c - Tukima's Dance                 Hexes/Summoning              3
   d - Alistair's Intoxication        Hexes/Transmutation/Poison   5
   e - Invisibility                   Charms/Transmutation/Darkness 6
 I - the Collected Works on Transmigration
   (You acquired it on level 4 of the Lair of Beasts)

   Spells                             Type                      Level
   a - Beastly Appendage              Transmutation                1
   b - Petrify                        Transmutation/Earth          4
   c - Alistair's Intoxication        Hexes/Transmutation/Poison   5
   d - Lee's Rapid Deconstruction     Transmutation/Earth          5
   e - Hydra Form                     Transmutation/Air            6
 J - a Grand Grimoire

   Spells                             Type                      Level
   a - Monstrous Menagerie            Summoning                    7
   b - Summon Greater Demon           Summoning/Darkness           7
 c - Malign Gateway Summoning/Translocation/Darkne7
 d - Summon Horrible Things Summoning 8


   Skills:
 + Level 7.1 Dodging
 + Level 7.0 Stealth
 + Level 8.3 Spellcasting
 + Level 7.1 Conjurations


You had 3 spell levels left.
You knew the following spells:

 Your Spells              Type           Power        Failure   Level  Hunger
a - Magic Dart            Conj           #.........   2%          1    ##.....
b - Iskenderun's Mystic   Conj/Ice       #.........   14%         4    ###....
c - Fulminant Prism       Conj/Hex/Time  #.........   14%         4    ###....
d - Iskenderun's          Battles        Conj/Chrm/Light#......... 27%         5    ####...
e - Tukima's Dance        Hex/Summ       #.........   18%         3    ###....
f - Freezing Cloud        Conj/Ice/Air   #.........   50%         6    ####...


Dungeon Overview and Level Annotations

Branches:
Dungeon (7/7)                Lair (4/7) D:7          Shoals (0/4) Lair:2
  Snake (0/4) Lair:2        Swamp (0/4) Lair:3

Altars:
Ashenzari
Elyvilon
Fedhas
Hepliaklqana
Okawaru
Qazlal
Ru
Xom

Shops:
D:7 *


Message History

The magic dart hits the blink frog. (mon hp-10)
The blink frog moves out of view.
The magic dart hits the blink frog. (mon hp-1)
The blink frog blinks!
Your magical contamination has completely faded away.
The magic dart hits the blink frog. (mon hp-13)
The magic dart hits the blink frog. (mon hp-7)
You kill the blink frog!
The magic dart hits the blink frog. (mon hp-7)
The magic dart hits the blink frog. (mon hp-3)
The magic dart hits the blink frog. (mon hp-13)
The magic dart hits the blink frog. (mon hp-3)
The magic dart hits the blink frog. (mon hp-4)
The blink frog blinks!
The magic dart hits the blink frog. (mon hp-1)
The blink frog hits you! (hp-17)
The magic dart hits the blink frog. (mon hp-13)
You kill the blink frog!
You can't see any susceptible monsters within range! (Use Z to cast anyway.) Unknown command.
You don't know that spell.
Okay, then.
Are you sure you want to abandon this character and quit the game? (Confirm with "yes".)

....... ......#
##....... ## P#........
## #.###..........
.....#.###...#.#........
.......P#.....##.......#
................@†.....#
.................<.....#
........................
........................
........................
........................
...#.......###P.##......
#.#.#......###### ..##.#
####.#.......#.# ###


There were no monsters in sight!

Vanquished Creatures
  Snorg (Lair:3)
  A catoblepas (Lair:4)
  Nergalle (Lair:1)
  2 sirens (Lair:2)
  5 spiny frogs
  3 komodo dragons
  2 merfolk (Lair:2)
  A rime drake (Lair:4)
  A polar bear (Lair:3)
  12 blink frogs
  19 yaks
  5 swamp worms (Lair:3)
  4 hippogriffs
  4 basilisks
  2 wyverns
  A phantom (D:7)
  2 nagas (Lair:2)
  3 water moccasins (Lair:1)
  An ice beast (D:7)
  3 ogres
  A sky beast (D:6)
  7 necrophages (D:7)
  5 porcupines
  3 crocodiles (Lair:3)
  2 big kobolds
  3 orc warriors
  3 wolves (Lair:1)
  3 centaurs
  Sigmund (D:6)
  10 giant frogs
  A wyvern zombie (D:7)
  A water moccasin zombie (D:7)
  2 scorpions
  A centaur skeleton (D:7)
  2 giant frog skeletons
  2 giant frog zombies
  An electric eel (Lair:3)
  3 dart slugs
  7 hounds
  4 howler monkeys
  4 jellies
  3 orc priests (D:6)
  2 wights (D:7)
  3 giant geckos
  2 gnolls (D:2)
  8 iguanas
  26 orcs
  10 worker ants
  11 adders
  7 ball pythons
  A crimson imp (D:5)
  11 giant cockroaches
  10 goblins
  8 hobgoblins
  4 jackals
  9 orc wizards
  5 quokkas
  44 river rats
  2 adder skeletons
  2 adder zombies
  17 bats
  A giant gecko skeleton (D:4)
  10 giant newts
  2 hound skeletons (D:7)
  A hound zombie (D:7)
  A howler monkey zombie (D:6)
  A jackal skeleton (D:4)
  17 kobolds
  2 mummies (D:7)
  3 oozes
  3 quokka skeletons
  24 rats
  5 worms
  3 fungi
  2 plants
399 creatures vanquished.

Vanquished Creatures (others)
  A necrophage (D:7)
  8 fulminant prisms
  A fungus (D:7)
10 creatures vanquished.

Grand Total: 409 creatures vanquished

Notes
Turn   | Place    | Note
-------+----------+-------------------------------------------
     0 | D:1      | Ihatecarrots00 the Deep Elf Conjurer began the quest for the Orb.
     0 | D:1      | Reached XP level 1. HP: 32/32 MP: 175/175
    60 | D:1      | Reached skill level 4 in Spellcasting
    74 | D:1      | Reached XP level 2. HP: 40/40 MP: 157/175
   217 | D:1      | Reached XP level 3. HP: 49/49 MP: 171/175
   873 | D:2      | Reached XP level 4. HP: 58/58 MP: 171/175
  1372 | D:2      | Learned a level 4 spell: Iskenderun's Mystic Blast
  1377 | D:2      | Learned a level 4 spell: Fulminant Prism
  1875 | D:3      | Found an iron altar of Okawaru.
  2260 | D:3      | Found a sacrificial altar of Ru.
  5431 | D:4      | Reached XP level 5. HP: 62/62 MP: 172/175
  5474 | D:4      | Found a hazy altar of Hepliaklqana.
  5833 | D:5      | Entered Level 5 of the Dungeon
  5838 | D:5      | Found a shimmering altar of Xom.
  5915 | D:5      | Found a glowing drain.
  5924 | Sewer    | Entered a sewer
  6022 | Sewer    | Found a white marble altar of Elyvilon.
  6140 | D:5      | Found a shattered altar of Ashenzari.
  6507 | D:5      | Reached XP level 6. HP: 70/71 MP: 165/175
  7049 | D:5      | Found a white marble altar of Elyvilon.
  7751 | D:6      | Noticed Sigmund
  7753 | D:6      | Killed Sigmund
  7932 | D:6      | Got a wavering bone amulet
  8793 | D:6      | Found a blossoming altar of Fedhas.
  8805 | D:6      | Found a stormy altar of Qazlal.
  9974 | D:7      | Entered Level 7 of the Dungeon
  9979 | D:7      | Reached skill level 5 in Conjurations
  9980 | D:7      | Reached skill level 5 in Spellcasting
  9992 | D:7      | Reached XP level 7. HP: 35/79 MP: 55/175
 10617 | D:7      | Found Vosatiacs's General Store.
 10799 | D:7      | Found a staircase to the Lair.
 10812 | D:7      | Learned a level 5 spell: Iskenderun's Battlesphere
 10998 | Lair:1   | Entered Level 1 of the Lair of Beasts
 11203 | Lair:1   | Noticed Nergalle
 11228 | Lair:1   | Reached XP level 8. HP: 29/88 MP: 33/175
 11231 | Lair:1   | Killed Nergalle
 11238 | Lair:1   | Reached skill level 5 in Dodging
 11239 | Lair:1   | Reached skill level 5 in Stealth
 11404 | Lair:1   | Reached skill level 6 in Spellcasting
 11758 | Lair:1   | Reached XP level 9. HP: 101/101 MP: 136/175
 12508 | Lair:2   | Reached XP level 10. HP: 110/110 MP: 34/175
 12523 | Lair:2   | Got a tattered robe
 12526 | Lair:2   | Reached skill level 7 in Spellcasting
 12527 | Lair:2   | Identified the cursed +0 robe of Dice, Bag, and Bottle {rElec rPois Int-3 SInv} (You found it on level 2 of the Lair of Beasts)
 12551 | Lair:2   | Found a staircase to the Snake Pit.
 13111 | Lair:2   | Learned a level 3 spell: Tukima's Dance
 13503 | Lair:2   | Found a staircase to the Shoals.
 14426 | Lair:3   | Identified the amulet "Dadelaul" {+Rage rPois rF- rN+++ Int-3} (You found it on level 6 of the Dungeon)
 14997 | Lair:3   | Noticed Snorg
 15006 | Lair:3   | Killed Snorg
 15204 | Lair:3   | Reached XP level 11. HP: 117/117 MP: 154/175
 16094 | Lair:3   | Found a staircase to the Swamp.
 16470 | Lair:4   | Reached skill level 8 in Spellcasting
 16562 | Lair:4   | Noticed a catoblepas
 16567 | Lair:4   | Killed a catoblepas
 16584 | Lair:4   | Learned a level 6 spell: Freezing Cloud
 16724 | Lair:4   | Identified a scroll of acquirement
 16727 | Lair:4   | Identified the Collected Works on Transmigration (You acquired it on level 4 of the Lair of Beasts)
 16744 | Lair:4   | Quit the game

Skill      XL: |  1  2  3  4  5  6  7  8  9 10 11 |
---------------+----------------------------------+-----
Spellcasting   | 4 5 6 7 8 |  8.3
Dodging        | 3 4 5 6 7 |  7.1
Stealth        | 3 4 5 6 7 |  7.0
Conjurations   | 5 6 7 |  7.1

Action                   |  1- 3 |  4- 6 |  7- 9 | 10-12 || total
-------------------------+-------+-------+-------+-------++-------
Melee: Unarmed           |       |   168 |     4 |       ||   172
       Trident           |       |    39 |       |       ||    39
 Cast: Magic Dart        |    57 |   160 |   160 |   171 ||   548
       Iskenderun's Myst |       |    93 |   104 |    60 ||   257
       Fulminant Prism   |       |     3 |     4 |     1 ||     8
       Iskenderun's Batt |       |       |     2 |       ||     2
       Tukima's Dance    |       |       |       |     5 ||     5
Evoke: Wand              |       |     2 |       |       ||     2
  Use: Scroll            |    10 |     7 |       |    11 ||    28
       Potion            |       |     2 |     1 |       ||     3
Armor: Robe              |       |    12 |    25 |       ||    37
Dodge: Dodged            |     6 |    65 |   200 |    55 ||   326
